 Dungeon Crawl Stone Soup version 0.27-a0-1281-ge233d83751 (webtiles) character file.

Game seed: 10208689804453817099

33 27snakeeyes612 the Skirmisher (level 3, -2/33 HPs)
             Began as a Ghoul Fighter on June 14, 2021.
             Slain by an adder (4 damage)
             ... on level 2 of the Dungeon.
             The game lasted 00:00:44 (876 turns).

27snakeeyes612 the Skirmisher (Ghoul Fighter)        Turns: 876, Time: 00:00:44

Health: -2/33      AC:  6    Str: 20    XL:     3   Next: 29%
Magic:  2/2        EV:  7    Int:  3    God:
Gold:   31         SH:  8    Dex:  8    Spells: 2/2 levels left

rFire    . . .     SeeInvis .   a - +0 war axe
rCold    + . .     Faith    .   c - +0 kite shield
rNeg     + + +     Spirit   .   b - +0 scale mail
rPois    ∞         Reflect  .   (no helmet)
rElec    .         Harm     .   (no cloak)
rCorr    .         Rampage  .   (no gloves)
Will     .....                  (no boots)
Stlth    ..........             (no amulet)
HPRegen  0.00/turn              (no ring)
MPRegen  0.08/turn              (no ring)

@: mighty
A: claws 1, cold resistance 1, negative energy resistance 3, inhibited
regeneration, torment resistance 2
a: no special abilities


You were on level 2 of the Dungeon.
You visited 1 branch of the dungeon, and saw 2 of its levels.

You collected 31 gold pieces.

Inventory:

Hand Weapons
 a - a +0 war axe (weapon)
Armour
 b - a +0 scale mail (worn)
 c - a +0 kite shield (worn)
 i - a +0 plate armour
Jewellery
 h - a +6 ring of intelligence
Scrolls
 f - 2 scrolls of identify {unknown}
 g - a scroll of enchant armour {unknown}
Potions
 e - a potion of attraction {unknown}


   Skills:
 + Level 3.9 Fighting
 + Level 2.2 Axes
 + Level 3.1 Armour
 + Level 2.7 Shields


You had 2 spell levels left.
You didn't know any spells.
Your spell library was empty.

Dungeon Overview and Level Annotations

Branches:
Dungeon (2/15)

Altars:


Innate Abilities, Weirdness & Mutations

You thrive by killing the living.
You are immune to poison.
You have sharp fingernails.
Your flesh is cold resistant. (rC+)
You are immune to negative energy. (rN+++)
You do not regenerate when monsters are visible.
You are immune to unholy pain and torment.


Message History

You are too injured to fight recklessly!
You block the adder's attack.
You barely miss the adder.
The adder is moderately wounded.
The adder barely misses you. You block the adder's attack.
You closely miss the adder.
The adder is moderately wounded.
You block the adder's attack. The adder barely misses you.
You closely miss the adder.
The adder is moderately wounded.
The adder bites you. You block the adder's attack.
Your shield and scale mail prevent you from hitting the adder.
The adder is moderately wounded.
The adder bites you. You block the adder's attack.
You barely miss the adder.
The adder is moderately wounded.
The adder barely misses you. The adder closely misses you.
You closely miss the adder.
The adder is moderately wounded.
You block the adder's attack. The adder bites you.
* * * LOW HITPOINT WARNING * * *
You closely miss the adder.
The adder is moderately wounded.
The adder bites you but does no damage. The adder barely misses you.
The adder closely misses you.
You barely miss the adder.
The adder is lightly wounded.
You block the adder's attack. The adder bites you.
* * * LOW HITPOINT WARNING * * *
The adder bites you.
* * * LOW HITPOINT WARNING * * *
You feel very mighty all of a sudden. You block the adder's attack.
You hit the adder.
The adder is severely wounded.
The adder closely misses you. You block the adder's attack.
Your shield prevents you from hitting the adder.
The adder is severely wounded.
The adder bites you but does no damage. The adder bites you.
You die...

########### ###
#......##.. ...
#<####.##.# #.# #
#.####.##.####.####.#
#.##................#
#.##.#.##[####......#
#......##.####?#
##......@S....†#
#[#.#.###.###.#
#.#.#.# #.# ....
#.#.... #.# ....# #
#.#..##.#.....#
#.#..##.#.....#
........#.....#
####.##### ####


You could see an adder.

Vanquished Creatures
  A dart slug (D:1)
  3 endoplasms (D:1)
  A giant cockroach (D:1)
  A goblin (D:1)
  2 hobgoblins (D:1)
  4 jackals (D:1)
  4 quokkas
  5 ball pythons (D:1)
  3 bats (D:1)
  2 frilled lizards (D:1)
  A kobold (D:1)
  2 rats (D:1)
29 creatures vanquished.

Notes
Turn   | Place    | Note
-------+----------+-------------------------------------------
     0 | D:1      | 27snakeeyes612 the Ghoul Fighter began the quest for the
                  | Orb.
     0 | D:1      | Reached XP level 1. HP: 19/19 MP: 0/0
   303 | D:1      | Reached XP level 2. HP: 25/26 MP: 1/1
   366 | D:1      | Found a faded altar of an unknown god.
   553 | D:1      | Reached XP level 3. HP: 32/33 MP: 2/2
   876 | D:2      | Slain by an adder

Illustrated notes

Levels and vault maps discovered:
D:1:      minmay_arrival_doors, layout_rooms,
          shapermc_ecumenical_altar_flowoftime, minmay_misc_feat_nine_boxes
D:2:      layout_loops_cross

Skill      XL: |  1  2 |
---------------+-------+-----
Armour         | 3 |  3.1
Axes           | 2 |  2.2
Fighting       | |  3.9
Shields        | |  2.7

Action                   || total
-------------------------++-------
Melee: War axe           ||    95
  Use: Potion            ||     1
Armor: Scale mail        ||    52
Dodge: Dodged            ||    43
Block: Kite shield       ||    51

Table legend: (Time is in decaauts)
 A = Elapsed time spent in this place.
 B = Non-inter-level travel time spent in this place.
 C = Inter-level travel time spent in this place.
 D = Time resting spent in this place.
 E = Time spent auto-exploring this place.
 F = Levels seen in this place.
 G = Mean time per level.
                   A        B        C        D        E       F      G
               +--------+--------+--------+--------+--------+-----+--------+
         Total |    937 |    897 |     40 |      0 |    656 |   2 |  468.5 |
       Dungeon |    937 |    897 |     40 |      0 |    656 |   2 |  468.5 |
               +--------+--------+--------+--------+--------+-----+--------+

Top non-repeatable levels by time:
     D:1: 882 daAuts
     D:2: 54 daAuts
